 Dungeon Crawl Stone Soup version 0.16.1-7-g2c6721e (webtiles) character file.

77 Grujah the Grave Robber (level 4, 0/30 HPs)
             Began as a Demonspawn Necromancer on Mar 29, 2015.
             Slain by an adder (2 damage)
             ... on level 3 of the Dungeon.
             The game lasted 00:07:33 (2667 turns).

Grujah the Grave Robber (Demonspawn Necromancer)    Turns: 2667, Time: 00:07:33

Health: 0/30       AC:  6    Str:  9    XL:     4   Next: 13%
Magic:  5/7        EV:  8    Int: 21    God:
Gold:   100        SH:  0    Dex: 13    Spells: 2 memorised, 3 levels left

rFire  . . .     SeeInvis .     f - +0 short sword
rCold  . . .     Clarity  .     r - +0 scale mail (curse)
rNeg   . . .     SustAb   .     (no shield)
rPois  .         Gourm    .     (no helmet)
rElec  .         Spirit   .     (no cloak)
rCorr  .         Warding  .     (no gloves)
rMut   .         Stasis   .     (no boots)
MR     .....                    (no amulet)
Stlth  +.........               (no ring)
                                o - +4 ring of intelligence

@: lethally poisoned (0 -> -4), very slightly contaminated, not resistant to
hostile enchantments, very unstealthy
A: hooves 1, spiny 1
a: no special abilities


You were on level 3 of the Dungeon.
You were hungry.

You visited 1 branch of the dungeon, and saw 3 of its levels.

You collected 100 gold pieces.

Inventory:

Hand weapons
 f - a +0 short sword (weapon)
 l - a +0 mace
Missiles
 g - 2 javelins (quivered)
 j - 12 poisoned needles
Armour
 a - a +0 robe
 r - a cursed +0 scale mail (worn)
Jewellery
 o - a +4 ring of intelligence (left hand)
Scrolls
 d - a scroll of amnesia {unknown}
 e - a scroll of recharging
 h - 3 scrolls of remove curse
 q - a scroll of fear {unknown}
Books
 b - a book of Necromancy

   Spells                             Type                      Level
   a - Pain                           Necromancy                   1
   b - Animate Skeleton               Necromancy                   1
   c - Vampiric Draining              Necromancy                   3
   d - Regeneration                   Charms/Necromancy            3
   e - Animate Dead                   Necromancy                   4
   f - Control Undead                 Necromancy                   4
Comestibles
 c - 2 bread rations
 k - a fruit
 n - a meat ration


   Skills:
 + Level 2.6 Dodging
 + Level 2.7 Stealth
 + Level 2.1 Spellcasting
 + Level 5.1 Necromancy


You had 3 spell levels left.
You knew the following spells:

 Your Spells              Type           Power        Failure   Level  Hunger
a - Pain                  Necr           ###.         17%         1    #......
s - Vampiric Draining     Necr           ###.......   50%         3    ###....


Dungeon Overview and Level Annotations

Branches:
Dungeon (3/15)

Altars:
Nemelex Xobeh
Vehumet


Innate Abilities, Weirdness & Mutations

You have large cloven feet.
You are partially covered in sharp spines.


Message History

The scroll dissolves into smoke.
The adder misses you.
You miss the adder. The adder bites you but does no damage.
The adder barely misses you.
You hit the adder. Your kick misses the adder.
The adder is moderately wounded.
The adder barely misses you.
You hit the adder.
The adder is severely wounded.
The adder barely misses you. The adder bites you but does no damage.
You completely miss the adder.
The adder is severely wounded.
The adder bites you.
* * * LOW HITPOINT WARNING * * *
You are lethally poisoned!
The adder poisons you!
You barely miss the adder. You kick the adder, but do no damage.
The adder is severely wounded.
* * * LOW HITPOINT WARNING * * *
You feel sick. The adder bites you but does no damage. The adder bites you.
You die...

###########
#....§§§§.#
#....§§§§§##
<..$....§§§S@.#
#####.#######(.#
#. ++# #. # #.#


You could see an adder.

Vanquished Creatures
  3 adders
  A worm (D:2)
  2 giant geckos (D:2)
  An orc (D:3)
  A giant cockroach (D:2)
  5 goblins (D:2)
  2 hobgoblins (D:2)
  5 kobolds
  A ball python (D:2)
  8 bats
  3 giant newts
  6 jackals (D:2)
  3 rats
41 creatures vanquished.

Notes
Turn   | Place    | Note
--------------------------------------------------------------
     0 | D:1      | Grujah, the Demonspawn Necromancer, began the quest for the Orb.
     0 | D:1      | Reached XP level 1. HP: 13/13 MP: 3/3
   685 | D:1      | Found a sparkling altar of Nemelex Xobeh.
   878 | D:1      | Gained mutation: You are partially covered in sharp spines. [demonic ancestry]
   878 | D:1      | Reached XP level 2. HP: 19/19 MP: 4/4
  1751 | D:2      | Reached XP level 3. HP: 24/24 MP: 3/6
  1900 | D:2      | Learned a level 3 spell: Vampiric Draining
  1929 | D:2      | Found a radiant altar of Vehumet.
  2198 | D:2      | Reached skill level 5 in Necromancy
  2629 | D:3      | Noticed an orc warrior
  2638 | D:3      | Gained mutation: You have large cloven feet. [demonic ancestry]
  2638 | D:3      | Reached XP level 4. HP: 28/30 MP: 5/7
  2667 | D:3      | Slain by an adder

Action                   |  1- 3 |  4- 6 || total
-------------------------+-------+-------++-------
Melee: Short sword       |   111 |     9 ||   120
       Unarmed           |     4 |       ||     4
 Cast: Pain              |    28 |     2 ||    30
  Use: Scroll            |     3 |     3 ||     6
       Potion            |     2 |     1 ||     3
 Stab: Sleeping          |     1 |       ||     1
  Eat: Chunk             |     5 |       ||     5
